 Dungeon Sprint DCSS version 0.27.1-34-g3ba077fa99 (webtiles) character file.

Game seed: 10303905368767722220

1692 Karpo the Imperceptible (level 8, 0/36 HPs)
             Began as a Spriggan Enchanter on Feb 10, 2022.
             Was a Follower of Sif Muna.
             Slain by a kobold demonologist (3 damage)
             ... while paralysed by a floating eye
             ... in the Dungeon (Sprint I: "Red Sonja").
             The game lasted 00:02:37 (659 turns).

Karpo the Imperceptible (Spriggan Enchanter)         Turns: 659, Time: 00:02:37

Health: 0/36       AC:  2    Str:  4    XL:     8   Next: 72%
Magic:  8/13       EV:  4    Int: 19    God:    Sif Muna [*.....]
Gold:   810        SH:  0    Dex: 15    Spells: 3/12 levels left

rFire    . . .     SeeInvis +   a - +1 dagger
rCold    . . .     Faith    .   (shield restricted)
rNeg     . . .     Spirit   .   b - +0 robe
rPois    .         Reflect  .   (helmet restricted)
rElec    .         Harm     .   (no cloak)
rCorr    .         Rampage  .   (gloves unavailable)
Will     +....     NoTele   +   (boots unavailable)
Stlth    +++++++++.             (no amulet)
HPRegen  0.12/turn              (no ring)
MPRegen  0.13/turn              (no ring)

@: paralysed, very slightly contaminated, very quick
A: very small, no large weapons, unfitting armour, see invisible, speed 3
a: Renounce Religion, Channel Magic


You were in the Dungeon.
You worshipped Sif Muna.
Sif Muna was aware of your devotion.
You visited 1 branch You collected 810 gold pieces.

Inventory:

Hand Weapons
 a - a +1 dagger (weapon)
 i - a +0 rapier
 j - a +1 short sword of distortion
Missiles
 k - 5 curare-tipped darts
Armour
 b - a +0 robe (worn)
Wands
 g - a wand of polymorph (3)
Scrolls
 h - a scroll of blinking
 m - a scroll of amnesia {unknown}
 n - a scroll of vulnerability {unknown}
Potions
 c - 4 potions of curing
 d - a potion of heal wounds
 e - a potion of haste
 f - 2 potions of magic
 l - a potion of degeneration {unknown}


   Skills:
 - Level 1.1 Short Blades
 - Level 2.6 Dodging
 + Level 25.8 Stealth
 - Level 2.6 Spellcasting
 - Level 3.6 Hexes


You had 3 spell levels left.
You knew the following spells:

 Your Spells              Type           Power      Damage    Failure   Level
a - Corona                Hex            17%        N/A       3%          1
b - Ensorcelled Hibernat  Hex/Ice        18%        N/A       12%         2
c - Confusing Touch       Hex            16%        N/A       11%         3
d - Dazzling Flash        Conj/Hex       18%        N/A       22%         3

Your spell library contained the following spells:

 Spells                   Type           Power      Damage    Failure   Level
 Tukima's Dance           Hex            16%        N/A       11%         3


Dungeon Overview and Level Annotations

Branches:
Dungeon (1/1)

Altars:
Cheibriados
Dithmenos
Elyvilon
Fedhas
Gozag
Hepliaklqana
Kikubaaqudgha
Makhleb
Nemelex Xobeh
Okawaru
Qazlal
Ru
Sif Muna
Trog
Uskayaw
Vehumet
Wu Jian
Xom
Yredelemnul
Zin
The Shining One
Jiyva
Lugonu

Shops:
D ([[


Innate Abilities, Weirdness & Mutations

You are very small and have problems with some larger weapons.
You are too small for most types of armour.
You have supernaturally acute eyesight. (SInv)
You cover ground extremely quickly. (Speed+++)


Message History

The floating eye seems to glare at you.
The kobold demonologist barely misses you.
Casting: Ensorcelled Hibernation (safe; 12% risk of failure)
Confirm with . or Enter, or press ? or * to list all spells.
Aiming: Ensorcelled Hibernation (safe; 12% risk of failure)
Press: ? - help, Shift-Dir - straight line, f/p - floating eye
Aim: a floating eye (lightly wounded, fully charged, chance to affect: 50%)
You miscast Ensorcelled Hibernation.
Nothing appears to happen.
The kobold demonologist hits you with a +0 dagger. x2
Casting: Ensorcelled Hibernation (safe; 12% risk of failure)
Confirm with . or Enter, or press ? or * to list all spells.
Aiming: Ensorcelled Hibernation (safe; 12% risk of failure)
Press: ? - help, Shift-Dir - straight line, f/p - floating eye
Aim: a floating eye (lightly wounded, fully charged, chance to affect: 50%)
The floating eye resists with some effort.
The kobold demonologist casts a spell.
The kobold demonologist hits you with a +0 dagger.
You hit the white imp but do no damage.
The kobold demonologist hits you but does no damage.
The kobold demonologist barely misses you.
The white imp misses you.
You hit the white imp but do no damage.
The kobold demonologist hits you with a +0 dagger.
The floating eye gazes piercingly through you!
You suddenly lose the ability to move!
The white imp gestures at you. The puff of frost hits you!
The kobold demonologist miscasts a cantrip.
The kobold demonologist barely misses you.
The white imp laughs crazily.
The white imp gestures at you. The puff of frost hits you!
* * * LOW HITPOINT WARNING * * *
The kobold demonologist hits you with a +0 dagger.
* * * LOW HITPOINT WARNING * * *
The kobold demonologist hits you with a +0 dagger.
* * * LOW HITPOINT WARNING * * *
The white imp barely misses you.
The kobold demonologist hits you with a +0 dagger.
You die...

####################
'..#.)'..#__#..5@K5#
#.)'..#..'^.'..#KG.#
##'#####'#__####5..+
#..#...#.#### #####
####..##(#
___##'#_.+
∩...'..._#
.__##_.#'##+###
___###'#)#..((###


You could see 2 kobold demonologists, a floating eye, a quasit (summoned), a
white imp (summoned) and an ufetubus (summoned).

Vanquished Creatures
  Sonja (D)
  A deep troll (D)
  A slime creature (D)
  Sigmund (D)
  A yak (D)
  An ogre (D)
  A jelly (D)
  Ijyb (D)
  A ballistomycete spore (D)
9 creatures vanquished.

Vanquished Creatures (others)
  A ballistomycete spore (D)
1 creature vanquished.

Grand Total: 10 creatures vanquished

Notes
Turn   | Place    | Note
-------+----------+-------------------------------------------
     0 | D        | Karpo the Spriggan Enchanter began the quest for the Orb.
     0 | D        | Reached XP level 1. HP: 9/9 MP: 5/5
     1 | D        | Noticed Ijyb
    10 | D        | Killed Ijyb
    11 | D        | Reached skill level 10 in Stealth
    11 | D        | Reached XP level 2. HP: 13/13 MP: 6/6
    95 | D        | Learned a level 2 spell: Ensorcelled Hibernation
    96 | D        | Noticed an ogre
    99 | D        | Killed an ogre
   100 | D        | Reached skill level 14 in Stealth
   100 | D        | Reached XP level 3. HP: 16/16 MP: 8/8
   100 | D        | Reached XP level 4. HP: 21/21 MP: 9/9
   104 | D        | Learned a level 3 spell: Confusing Touch
   112 | D        | Noticed Sigmund
   115 | D        | Killed Sigmund
   116 | D        | Reached skill level 17 in Stealth
   116 | D        | Reached XP level 5. HP: 24/24 MP: 10/10
   120 | D        | Learned a level 3 spell: Dazzling Flash
   133 | D        | Found an ornate altar of the Wu Jian Council.
   133 | D        | Found a shimmering blue altar of Sif Muna.
   135 | D        | Found a radiant altar of Vehumet.
   139 | D        | Became a worshipper of Sif Muna the Loreminder
   144 | D        | Reached skill level 18 in Stealth
   144 | D        | Reached XP level 6. HP: 28/28 MP: 4/11
   220 | D        | Found Natzeis's Armour Emporium.
   220 | D        | Found an ancient bone altar of Kikubaaqudgha.
   220 | D        | Found a hazy altar of Hepliaklqana.
   220 | D        | Found a hide-covered altar of Uskayaw.
   220 | D        | Found a basalt altar of Yredelemnul.
   220 | D        | Found an opulent altar of Gozag.
   220 | D        | Found a snail-covered altar of Cheibriados.
   220 | D        | Found a sacrificial altar of Ru.
   220 | D        | Found a shadowy altar of Dithmenos.
   220 | D        | Noticed a yak
   221 | D        | Found a stormy altar of Qazlal.
   221 | D        | Found a blossoming altar of Fedhas.
   221 | D        | Found a bloodstained altar of Trog.
   221 | D        | Found an iron altar of Okawaru.
   221 | D        | Found a glowing golden altar of the Shining One.
   221 | D        | Found a glowing silver altar of Zin.
   221 | D        | Found a white marble altar of Elyvilon.
   222 | D        | Killed a yak
   223 | D        | Reached skill level 20 in Stealth
   223 | D        | Found a sparkling altar of Nemelex Xobeh.
   235 | D        | Found a viscous altar of Jiyva.
   235 | D        | Found a corrupted altar of Lugonu.
   235 | D        | Noticed a slime creature
   236 | D        | Found a burning altar of Makhleb.
   236 | D        | Found a shimmering altar of Xom.
   238 | D        | Killed a slime creature
   238 | D        | Reached * piety under Sif Muna
   239 | D        | Reached skill level 21 in Stealth
   239 | D        | Reached XP level 7. HP: 32/32 MP: 12/12
   249 | D        | Noticed Sonja
   253 | D        | Killed Sonja
   254 | D        | Reached skill level 24 in Stealth
   254 | D        | Reached XP level 8. HP: 36/36 MP: 13/13
   564 | D        | Found Dokamm's Weapon Boutique.
   584 | D        | Noticed a deep troll
   588 | D        | Killed a deep troll
   589 | D        | Reached skill level 25 in Stealth
   611 | D        | Found Atzuommu's Armour Emporium.
   648 | D        | Noticed a kobold demonologist
   649 | D        | Noticed a kobold demonologist
   656 | D        | Paralysed by a floating eye for 4 turns
   659 | D        | Slain by a kobold demonologist

Illustrated notes

Levels and vault maps discovered:
D:        dungeon_sprint_1 [red_sonja_temple_1, red_sonja_temple_small_1]

Skill      XL: |  1  2  3  4  5  6  7  8 |
---------------+-------------------------+-----
Stealth        | 10 14 17 18 21 24 25 | 25.8
Short Blades   | |  1.1
Dodging        | |  2.6
Spellcasting   | |  2.6
Hexes          | |  3.6

Action                   |  1- 3 |  4- 6 |  7- 9 || total
-------------------------+-------+-------+-------++-------
Melee: Dagger            |     8 |     4 |     6 ||    18
 Cast: Ensorcelled Hiber |       |     3 |     1 ||     4
  Use: Potion            |     1 |       |       ||     1
 Stab: Sleeping          |     1 |     4 |     3 ||     8
Armor: Robe              |     1 |       |     1 ||     2
Dodge: Dodged            |     1 |     2 |     5 ||     8
